Map: Whirlwind LE (Void)

Players

Ironturtle

  • Race: Terran Terran
  • League: Silver
  • Spawn Location: 7:00

Fropez - Winner!

  • Race: Protoss Protoss
  • League: Gold
  • Spawn Location: 11:00

VOD

Have the link to the VOD?

Description

Time

  • Played on: Jan. 23, 2017, 8:45 p.m.
  • Length: 7:09
Show
View Real Time Build Order
Export as new Build Order

Ironturtle Terran 

Build Orders: Liberator Opening 

Get SALT Encoding   

  12  0:01  SCV  
  13  0:13  SCV  
  14  0:23  Supply Depot  
  14  0:25  SCV  
  15  0:44  SCV  
  15  0:47  Barracks  
  16  0:51  Refinery  
  16  1:04  SCV  
  17  1:16  SCV  
  18  1:29  SCV  
  18  1:30  Refinery  
  19  1:34  Barracks Tech Lab  
  19  1:37  Engineering Bay  
  19  1:41  SCV  
  20  1:53  SCV  
  21  2:05  SCV, Factory  
  22  2:13  Missile Turret  
  22  2:17  SCV, Missile Turret  
  23  2:49  Supply Depot  
  23  2:50  Command Center  
  23  2:52  Supply Depot  
  23  3:00  Factory Reactor  
  23  3:07  Starport  
  23  3:10  SCV  
  24  3:17  Supply Depot  
  24  3:21  Marine  
  25  3:50  Starport Tech Lab  
  25  3:54  Starport  
  25  3:55  Liberator  
  25  3:56  SCV  
  25  4:00  Supply Depot  
  25  4:02  Planetary Fortress  
  26  4:08  Refinery  
  29  4:30  Orbital Command  
  29  4:32  Fusion Core  
  28  4:46  Armory  
  28  4:47  SCV  
  29  4:59  SCV  
  25  5:11  SCV  
  12  5:23  SCV  
  10  5:31  Banshee  
  11  5:35  SCV  
  12  5:43  Liberator  
  12  5:48  SCV  
  13  6:00  SCV  
  14  6:21  SCV  
  15  6:33  SCV  
  16  6:45  SCV  
Show
View Real Time Build Order
Export as new Build Order

Fropez Protoss - Winner!

Build Orders: 1 Gate Expand 

Get SALT Encoding   

  12  0:01  Probe (Chrono Boost)  
  13  0:11  Probe (Chrono Boost)  
  14  0:24  Pylon  
  14  0:30  Probe (Chrono Boost)  
  16  0:42  Probe (Chrono Boost)  
  16  0:44  Gateway  
  16  0:52  Assimilator  
  16  0:53  Probe (Chrono Boost)  
  17  1:10  Probe (Chrono Boost)  
  18  1:22  Probe (Chrono Boost)  
  18  1:23  Nexus  
  19  1:34  Probe (Chrono Boost)  
  19  1:37  Cybernetics Core  
  20  1:48  Pylon, Assimilator  
  20  1:50  Probe (Chrono Boost)  
  21  2:00  Warp Gate  
  21  2:06  Gateway  
  21  2:10  Probe (Chrono Boost)  
  22  2:15  Adept  
  24  2:25  Probe (Chrono Boost)  
  25  2:35  Probe (Chrono Boost)  
  27  2:37  Probe (Chrono Boost), Assimilator  
  27  2:43  Adept  
  29  2:54  Pylon  
  29  2:57  Probe (Chrono Boost)  
  29  2:58  Probe (Chrono Boost)  
  31  3:00  Adept  
  33  3:10  Adept  
  33  3:11  Pylon  
  33  3:12  Probe x2 (Chrono Boost)  
  37  3:27  Probe (Chrono Boost)  
  37  3:28  Adept  
  37  3:29  Probe (Chrono Boost)  
  41  3:37  Adept  
  41  3:38  Mothership Core (Chrono Boost)  
  45  3:50  Probe (Chrono Boost)  
  46  3:55  Twilight Council  
  46  4:00  Pylon, Probe (Chrono Boost)  
  46  4:02  Probe (Chrono Boost)  
  48  4:09  Pylon  
  48  4:11  Probe (Chrono Boost)  
  48  4:14  Probe (Chrono Boost)  
  50  4:17  Assimilator  
  50  4:19  Gateway  
  50  4:21  Probe (Chrono Boost)  
  51  5:04  Blink  
  51  5:08  Stalker  
  51  5:09  Stalker  
  53  5:17  Gateway  
  53  5:19  Gateway  
  53  5:22  Probe (Chrono Boost)  
  53  5:24  Probe (Chrono Boost)  
  55  5:38  Nexus  
  55  5:42  Pylon  
  55  5:43  Pylon, Assimilator  
  55  5:50  Stalker x3  
  55  6:06  Probe (Chrono Boost)  
  56  6:18  Stalker x4  
  60  6:32  Robotics Facility  
  60  6:34  Pylon x2, Probe (Chrono Boost)  
  60  6:36  Probe (Chrono Boost)  
  60  6:57  Stalker x5  
Tags
 
Add a new tag
Caveats
  • Supply blocks, unpowered buildings, or Contaminate may cause inaccurate times.
  • Supply counts are checked every 10 seconds.